 Dungeon Crawl Stone Soup version 0.29-a0-284-gf9362112df (webtiles) character file.

Game seed: 4391420454718301498

255 Rohain the Magician (level 6, -9/40 HPs)
             Began as a Djinni Fire Elementalist on Mar 30, 2022.
             Mangled by BimmyJewtron's ghost (15 damage)
             ... on level 4 of the Dungeon.
             The game lasted 00:07:19 (5079 turns).

Rohain the Magician (Djinni Fire Elementalist)      Turns: 5079, Time: 00:07:20

Health: -9/40      AC:  4    Str:  7    XL:     6   Next: 38%
Gold:   164        EV: 12    Int: 18    God:
                   SH:  0    Dex: 14

rFire   + + .      SeeInvis .   k - +2 dagger (protect)
rCold   x . .      Faith    .   (no shield)
rNeg    . . .      Spirit   .   a - +1 robe
rPois   ∞          Reflect  .   (no helmet)
rElec   .          Harm     .   (no cloak)
rCorr   .          Rampage  .   m - +0 pair of gloves
Will    .....                   (boots unavailable)
Stlth   ++........              (no amulet)
HPRegen 0.13/turn               i - ring of wizardry
MPRegen 0.00/turn               o - ring "Koidul" {Fly rPois Slay+2}

@: flying
A: sickness immunity, fire resistance 2, cold vulnerability 1, float, innate
caster, HP casting, extra vitality 1
a: no special abilities


You were on level 4 of the Dungeon.
You visited 1 branch of the dungeon, and saw 4 of its levels.

You collected 164 gold pieces.

Inventory:

Hand Weapons
 k - a +2 dagger of protection (weapon)
Armour
 a - a +1 robe (worn)
 m - a +0 pair of gloves (worn)
Jewellery
 i - a ring of wizardry (left hand)
 o - the ring "Koidul" (right hand) {Fly rPois Slay+2}
   (You found it on level 4 of the Dungeon)

   [ring of poison resistance]

   Slay:      It affects your accuracy & damage with ranged weapons and melee
   (+2).
   rPois:     It protects you from poison.
   Fly:       It grants you flight.
Scrolls
 b - 2 scrolls of fog
 g - 2 scrolls of teleportation
Potions
 c - a potion of ambrosia {unknown}
 d - 3 potions of berserk rage
 e - a potion of haste {unknown}
 h - a potion of might {unknown}
 j - a potion of lignification {unknown}
 l - a potion of resistance {unknown}


   Skills:
 - Level 2.1 Dodging
 - Level 1.5 Stealth
 * Level 5.2 Spellcasting


You couldn't memorise any spells.
You knew the following spells:

 Your Spells              Type           Power      Damage    Failure   Level
a - Foxfire               Conj/Fire      92%        2x1d8     1%          1
b - Scorch                Fire           46%        2d7       1%          2
c - Conjure Flame         Conj/Fire      23%        6-21      1%          3
d - Inner Flame           Hex/Fire       23%        N/A       1%          3
e - Flame Wave            Conj/Fire      23%        2d7       6%          4
f - Animate Skeleton      Necr           46%        N/A       1%          1
g - Call Imp              Summ           23%        N/A       1%          2
Your spell library was empty.

Dungeon Overview and Level Annotations

Branches:
Dungeon (4/15)             Temple (0/1) D:4

Altars:
Elyvilon
Zin
The Shining One

Annotations:
D:4 BimmyJewtron's ghost, amateur MiFi


Innate Abilities, Weirdness & Mutations

You are immune to sickness and miasma.
You are immune to poison.
Your flesh is very heat resistant. (rF++)
You are vulnerable to cold. (rC-)
You float through the air rather than walking.
You learn spells naturally, not from books.
Your magical power is your life essence.
You have superior vitality. (+4 MHP)


Message History

Unknown command.
Casting: Foxfire (safe; 1% risk of failure)
Confirm with . or Enter, or press ? or * to list all spells.
You conjure some foxfire!
The foxfire hits the worm.
The worm is severely wounded.
The foxfire hits the worm.
The worm is almost dead.
The foxfire hits the worm.
You kill the worm!
Your foxfire dissipates!
Press: ? - help, v - describe, . - travel, g - get item
Here: BimmyJewtron's ghost (fire blocked by a runed translucent door) Item here: a fustibalus.
The floor.
You reach down and open the door.
BimmyJewtron's ghost attacks as you move away!
BimmyJewtron's ghost closely misses you.
BimmyJewtron's ghost says, "They say chivalry is dead.
Well, so am I."
Casting: Foxfire (safe; 1% risk of failure)
Confirm with . or Enter, or press ? or * to list all spells.
A shadowy apparition takes form in the air.
BimmyJewtron's ghost hits you!
Your shadow imp closely misses BimmyJewtron's ghost.
Your shadow imp hits BimmyJewtron's ghost.
BimmyJewtron's ghost attacks as you move away!
BimmyJewtron's ghost hits you.
Your shadow imp hits BimmyJewtron's ghost.
BimmyJewtron's ghost attacks as you move away!
BimmyJewtron's ghost hits you!
* * * LOW HITPOINT WARNING * * *
You feel better. BimmyJewtron's ghost hits you!
* * * LOW HITPOINT WARNING * * *
Your shadow imp hits BimmyJewtron's ghost but does no damage.
You feel better. BimmyJewtron's ghost hits you.
* * * LOW HITPOINT WARNING * * *
Your shadow imp hits BimmyJewtron's ghost but does no damage.
BimmyJewtron's ghost shrieks, "I was like you once."
BimmyJewtron's ghost attacks as you move away!
BimmyJewtron's ghost hits you!
You die...

# ... .. ..# # #. #.#
##+# # #. #.# ##...## #
# ##.##.# ##.....## #
#.#.#.#.###.......## ##
#.#...#.##.........####.
#.....W@.'.........'....
###..5####.........####.
#...## #.......## #.
###..†### ##.....## #.
#.......# ##...## ##
#.......#
#####'#########
#.......#
#.............#
###....##
#.###.#..####.#
#....####.######)# #.#


You could see BimmyJewtron's ghost (ally target) and a friendly shadow imp
(summoned).

Vanquished Creatures
  A scorpion (D:4)
  A jelly (D:4)
  An adder (D:3)
  3 worms
  4 dart slugs
  5 orcs
  3 ball pythons (D:2)
  8 bats
  8 endoplasms
  A giant cockroach (D:1)
  7 hobgoblins
  2 jackals (D:4)
  7 quokkas
  4 frilled lizards
  13 goblins
  5 kobolds
  5 rats
78 creatures vanquished.

Vanquished Creatures (collateral kills)
  2 adders (D:3)
  An orc (D:3)
  An endoplasm (D:3)
  A giant cockroach (D:4)
5 creatures vanquished.

Vanquished Creatures (others)
  An orc wizard (D:3)
  229 foxfires
230 creatures vanquished.

Grand Total: 313 creatures vanquished

Notes
Turn   | Place    | Note
-------+----------+-------------------------------------------
     0 | D:1      | Rohain the Djinni Fire Elementalist began the quest for the
                  | Orb.
     0 | D:1      | Reached XP level 1. HP: 15/15 MP: 0/0
   464 | D:1      | Reached XP level 2. HP: 17/21 MP: 0/0
   659 | D:1      | Reached skill level 3 in Spellcasting
   886 | D:1      | Reached XP level 3. HP: 18/25 MP: 0/0
   886 | D:1      | Learned a level 1 spell: Animate Skeleton
  1699 | D:2      | Found a faded altar of an unknown god.
  2182 | D:2      | Reached XP level 4. HP: 30/31 MP: 0/0
  2820 | D:3      | Reached skill level 4 in Spellcasting
  2921 | D:2      | Reached XP level 5. HP: 23/35 MP: 0/0
  2921 | D:2      | Learned a level 2 spell: Call Imp
  3377 | D:3      | Found a glowing silver altar of Zin.
  3378 | D:3      | Found a white marble altar of Elyvilon.
  3379 | D:3      | Found a glowing golden altar of the Shining One.
  4664 | D:4      | Found a staircase to the Ecumenical Temple.
  4721 | D:4      | Reached XP level 6. HP: 26/40 MP: 0/0
  4847 | D:4      | Identified the ring "Koidul" {Fly rPois Slay+2}
  4865 | D:4      | Reached skill level 5 in Spellcasting
  5034 | D:4      | Found a runed translucent door.
  5034 | D:4      | Noticed BimmyJewtron's ghost (amateur MiFi)
  5079 | D:4      | Mangled by BimmyJewtron's ghost

Illustrated notes

Levels and vault maps discovered:
D:1:      dpeg_arrival_chambers_temple_mockup, layout_loops_ring,
          minmay_misc_feat_x, hangedman_abyss_or_decor_stabs
D:2:      minmay_wonky_spiral, layout_rooms, nicolae_ecumenical_pavilion,
          minmay_goblin_outpost
D:3:      layout_rooms, good_gods_mini_temple
D:4:      layout_loops_corners, minmay_temple_entry_overgrown,
          gammafunk_ghost_grave

Skill      XL: |  1  2  3  4  5  6 |
---------------+-------------------+-----
Spellcasting   | 3 4 5 |  5.2
Dodging        | |  2.1
Stealth        | |  1.5

Action                   |  1- 3 |  4- 6 || total
-------------------------+-------+-------++-------
Melee: Dagger            |       |     2 ||     2
 Cast: Foxfire           |    76 |    73 ||   149
       Scorch            |     2 |    18 ||    20
       Animate Skeleton  |     1 |       ||     1
       Call Imp          |       |     8 ||     8
       Conjure Flame     |       |     1 ||     1
  Use: Scroll            |     3 |     6 ||     9
       Potion            |       |     3 ||     3
Armor: Robe              |       |     6 ||     6
Dodge: Dodged            |     7 |    35 ||    42

Table legend: (Time is in decaauts)
 A = Elapsed time spent in this place.
 B = Non-inter-level travel time spent in this place.
 C = Inter-level travel time spent in this place.
 D = Time resting spent in this place.
 E = Time spent auto-exploring this place.
 F = Levels seen in this place.
 G = Mean time per level.
                   A        B        C        D        E       F      G
               +--------+--------+--------+--------+--------+-----+--------+
         Total |   5080 |   4970 |    110 |    913 |   3496 |   4 | 1270.0 |
       Dungeon |   5080 |   4970 |    110 |    913 |   3496 |   4 | 1270.0 |
               +--------+--------+--------+--------+--------+-----+--------+

Top non-repeatable levels by time:
     D:2: 1664 daAuts
     D:1: 1615 daAuts
     D:4: 1115 daAuts
     D:3: 685 daAuts
